 Dungeon Crawl Stone Soup version 0.31-a0-174-g85c54bcb58 (webtiles) character file.

Game seed: 4131328093877048218

654669 TittyCrusher the Middleweight Champion (level 26, -11/240 (244) HPs)
             Began as a Demonspawn Transmuter on June 9, 2023.
             Was the Champion of Cheibriados.
             Mangled by Pihaupt the pandemonium lord (15 damage)
             ... in Pandemonium on June 15, 2023.
             The game lasted 04:30:07 (69395 turns).

TittyCrusher the Middleweight Champion (DsTm)      Turns: 69395, Time: 04:30:08

HP:   -11/240 (244) AC: 48    Str: 34    XL:     26   Next: 86%
MP:   7/30          EV: 27    Int: 47    God:    Cheibriados [******]
Gold: 6231          SH:  0    Dex: 36    Spells: 6/35 levels left

rFire   + +          +
                       - Unarmed
rCold   + + +        (no shield)
rNeg    + . .        w - +2 gold dragon scales of Idiacaw {rElec rPois rF+ rC+ Will+++ Slay-3 Stlth-}
rPois   +            (helmet unavailable)
rElec   +            l - +4 dragonskin cloak
rCorr   .            Z - +2 pair of gloves of Ellouxaute {Drain +Blink Fly Int+7}
SInv    +            r - +0 pair of boots of the Verdant God {rC++ Will+}
Will    +++++        M - amulet of Cugg {Regen+ Int+4}
Stlth   x              - ring "Kohicis" {Drain rF++ rN+ Str+4}
HPRegen 1.40/turn    U - +6 ring of dexterity
MPRegen 0.22/turn

%: no passive effects
@: mighty, sanguine armoured, flying, lightly drained, very slow
A: antennae 3, foul stench 3, torment resistance 1, sanguine armour 3, demonic
magic 3, demonic willpower, talons 1, clever 1, low MP 1, robust 1, screaming 1,
weak 1
}: 5/15 runes: barnacled, slimy, silver, demonic, gossamer
a: Renounce Religion, Evoke Blink, Bend Time, Temporal Distortion, Slouch, Step
From Time


You were in Pandemonium.
You worshipped Cheibriados.
Cheibriados was exalted by your worship.
You visited 12 branches of the dungeon, and saw 56 of its levels.
You visited Pandemonium 1 time, and saw 4 of its levels.
You visited 1 bazaar.
You also visited: Bailey, Ice Cave and Wizlab.

You collected 9413 gold pieces.
You spent 3182 gold pieces at shops.

Inventory:

Armour
 k - the scarf of Hedging {shadows, rElec rPois rC- SInv Stlth-}
   (You acquired it on level 3 of the Lair of Beasts)

   rC:        It makes you vulnerable to cold.
   rElec:     It insulates you from electricity.
   rPois:     It protects you from poison.
   SInv:      It lets you see invisible.
   Stlth:     It makes you less stealthy.
 l - the +4 dragonskin cloak (worn)
   (You took it off Tiamat on level 1 of the Realm of Zot)

   Avatar's Aegis: It grants the wearer a chance to resist fire, cold, poison,
   electricity, acid, and negative energy.
 q - a +0 cloak
 r - the +0 pair of boots of the Verdant God (worn) {rC++ Will+}
   (You found it on level 3 of the Elven Halls)

   rC:        It greatly protects you from cold.
   Will:      It increases your willpower.
 w - the +2 gold dragon scales of Idiacaw (worn) {rElec rPois rF+ rC+ Will+++ Slay-3 Stlth-}
   (You found it on level 5 of the Lair of Beasts)

   Slay:      It affects your accuracy & damage with ranged weapons and melee
   (-3).
   rF:        It protects you from fire.
   rC:        It protects you from cold.
   rElec:     It insulates you from electricity.
   rPois:     It protects you from poison.
   Will:      It greatly increases your willpower.
   Stlth:     It makes you less stealthy.
 Z - the +2 pair of gloves of Ellouxaute (worn) {Drain +Blink Fly Int+7}
   (You found it on level 4 of the Spider Nest)

   Int:       It affects your intelligence (+7).
   Fly:       It grants you flight.
   +Blink:    It lets you blink.
   Drain:     It drains your maximum health when unequipped.
Jewellery
 b - a +5 ring of evasion
 c - the ring of the Scarab {Ice rPois Int+5}
   (You took it off Josephina on level 4 of the Depths)

   [ring of ice]

   It enhances your ice magic.
   Int:       It affects your intelligence (+5).
   rF:        It makes you vulnerable to fire.
   rC:        It protects you from cold.
   rPois:     It protects you from poison.
 d - the ring of Koirymio {rCorr Str+2 Int+3 Stlth-}
   (You found it on level 3 of the Elven Halls)

   [ring of resist corrosion]

   Str:       It affects your strength (+2).
   Int:       It affects your intelligence (+3).
   rCorr:     It protects you from acid and corrosion.
   Stlth:     It makes you less stealthy.
 f - the ring "Etic" {rN+ Str+6}
   (You bought it in a shop on level 2 of the Vaults)

   [ring of positive energy]

   Str:       It affects your strength (+6).
   rN:        It protects you from negative energy.
 g - the amulet "Qinaghis" {RegenMP rElec rF- Will+ Dex+4}
   (You found it on level 5 of the Vaults)

   [amulet of magic regeneration]

   It increases your rate of magic regeneration.
   Dex:       It affects your dexterity (+4).
   rF:        It makes you vulnerable to fire.
   rElec:     It insulates you from electricity.
   Will:      It increases your willpower.
 x - the ring "Kohicis" (left hand) {Drain rF++ rN+ Str+4}
   (You found it on level 4 of the Shoals)

   [ring of positive energy]

   Str:       It affects your strength (+4).
   rF:        It greatly protects you from fire.
   rN:        It protects you from negative energy.
   Drain:     It drains your maximum health when unequipped.
 A - a ring of positive energy
 M - the amulet of Cugg (around neck) {Regen+ Int+4}
   (You found it on level 1 of the Crypt)

   [amulet of regeneration]

   Int:       It affects your intelligence (+4).
   Regen:     It increases your rate of health regeneration.
 Q - a ring of flight
 U - a +6 ring of dexterity (right hand)
Wands
 t - a wand of mindburst (25)
 C - a wand of light (36)
 G - a wand of flame (90)
 H - a wand of iceblast (39)
 I - a wand of digging (35)
 K - a wand of paralysis (67)
 T - a wand of polymorph (7)
Scrolls
 a - 10 scrolls of poison
 e - 2 scrolls of revelation
 m - 7 scrolls of enchant armour
 o - 8 scrolls of fear
 y - 13 scrolls of vulnerability
 z - 23 scrolls of teleportation
 V - 6 scrolls of fog
 Y - 8 scrolls of blinking
Potions
 h - 19 potions of curing
 i - 10 potions of cancellation
 j - 12 potions of heal wounds
 p - 10 potions of brilliance
 v - 5 potions of ambrosia
 B - a potion of invisibility
 J - 8 potions of attraction
 L - 7 potions of mutation
 N - a potion of resistance
 O - 3 potions of might
 R - 7 potions of enlightenment
 S - 6 potions of lignification
 W - 4 potions of berserk rage
 X - 5 potions of magic
Miscellaneous
 n - a tin of tremorstones (2/2)
 u - a sack of spiders


   Skills:
 - Level 21.5 Fighting
 - Level 20.0 Armour
 + Level 19.1 Dodging
 O Level 27 Unarmed Combat
 - Level 5.3 Spellcasting
 - Level 7.0 Translocations
 - Level 12.8 Transmutations
 - Level 5.4 Ice Magic
 - Level 5.2 Poison Magic
 - Level 14.1 Invocations
 - Level 1.8 Evocations


You had 6 spell levels left.
You knew the following spells:

 Your Spells              Type           Power      Damage    Failure   Level
a - Blade Hands           Tmut           46%        N/A       1%          5
b - Wereblood             Tmut           93%        N/A       1%          2
c - Apportation           Tloc           100%       N/A       1%          1
d - Passage of Golubria   Tloc           68%        N/A       8%          4
e - Blink                 Tloc           100%       N/A       1%          2
f - Lesser Beckoning      Tloc           100%       N/A       1%          2
g - Mephitic Cloud        Conj/Pois/Air  29%        N/A       21%         3
h - Vhi's Electric Charg  Tloc/Air       90%        N/A       10%         3
i - Storm Form            Tmut/Air       32%        N/A       100%        7

Your spell library contained the following spells:

 Spells                   Type           Power      Damage    Failure   Level
 Beastly Appendage        Tmut           100%       N/A       1%          1
 Freeze                   Ice            100%       1d10      1%          1
 Passwall                 Tmut/Erth      54%        N/A       1%          2
 Spider Form              Tmut/Pois      78%        N/A       1%          3
 Gell's Gravitas          Tloc           68%        N/A       2%          3
 Teleport Other           Tloc           68%        N/A       2%          3
 Ignite Poison            Fire/Tmut/Pois 62%        N/A       3%          3
 Ice Form                 Ice/Tmut       78%        N/A       3%          4
 Momentum Strike          Conj/Tloc      90%        3d10      4%          2
 Ozocubu's Armour         Ice            59%        N/A       4%          3
 Ensorcelled Hibernation  Hex/Ice        76%        N/A       7%          2
 Poisonous Vapours        Pois/Air       74%        N/A       7%          2
 Manifold Assault         Tloc           68%        N/A       8%          4
 Cigotuvi's Dreadful Rot  Necr/Pois/Air  58%        N/A       10%         2
 Portal Projectile        Hex/Tloc       90%        N/A       10%         3
 Volatile Blastmotes      Fire/Tloc      90%        2d17      10%         3
 Petrify                  Tmut/Erth      65%        N/A       10%         4
 Foxfire                  Conj/Fire      48%        2x1d6     14%         1
 Shock                    Conj/Air       48%        1d6       14%         1
 Hailstorm                Conj/Ice       38%        3d9       14%         3
 Sublimation of Blood     Necr           12%        N/A       21%         2
 Irradiate                Conj/Tmut      32%        3d22      26%         5
 Iskenderun's Mystic Bla  Conj/Tloc      45%        2d10      32%         4
 Call Canine Familiar     Summ           12%        N/A       38%         3
 Inner Flame              Hex/Fire       12%        N/A       38%         3
 Summon Guardian Golem    Hex/Summ       12%        N/A       38%         3
 Swiftness                Air            12%        N/A       38%         3
 Summon Ice Beast         Ice/Summ       38%        N/A       41%         4
 Summon Forest            Summ/Tloc      22%        N/A       65%         5
 Dispersal                Tloc           34%        N/A       75%         6
 Metabolic Englaciation   Hex/Ice        19%        N/A       77%         5
 Airstrike                Air            6%         2d(1-17)  80%         4
 Anguish                  Hex/Necr       6%         N/A       80%         4
 Animate Armour           Summ/Erth      24%        N/A       80%         4
 Animate Dead             Necr           12%        N/A       80%         4
 Cause Fear               Hex            6%         N/A       80%         4
 Flame Wave               Conj/Fire      12%        2d6       80%         4
 Fulminant Prism          Conj/Hex       6%         3d7       80%         4
 Leda's Liquefaction      Hex/Erth       6%         N/A       80%         4
 Sticky Flame             Conj/Fire      12%        2d4       80%         4
 Summon Lightning Spire   Summ/Air       12%        N/A       80%         4
 Statue Form              Tmut/Erth      43%        N/A       83%         6
 Freezing Cloud           Conj/Ice/Air   14%        6-21      87%         5
 Arcjolt                  Conj/Air       6%         1d16      98%         5
 Borgnjor's Vile Clutch   Necr/Erth      6%         N/A       98%         5
 Fireball                 Conj/Fire      6%         3d5       98%         5
 Iskenderun's Battlesphe  Conj           12%        2d7       98%         5
 Lee's Rapid Deconstruct  Erth           6%         3d6*      98%         5
 Silence                  Hex/Air        6%         N/A       98%         5
 Summon Mana Viper        Hex/Summ       12%        N/A       98%         5
 Conjure Ball Lightning   Conj/Air       6%         3x3d6     100%        6
 Death Channel            Necr           6%         N/A       100%        6
 Plasma Beam              Fire/Air       6%         2x1d16    100%        6
 Simulacrum               Ice/Necr       19%        N/A       100%        6
 Starburst                Conj/Fire      6%         6d4       100%        6
 Summon Cactus Giant      Summ           6%         N/A       100%        6
 Dragon Form              Tmut           46%        N/A       52%         7
 Enfeeble                 Hex            6%         N/A       100%        7
 Haunt                    Necr/Summ      6%         N/A       100%        7
 Orb of Destruction       Conj           6%         9d6       100%        7
 Ozocubu's Refrigeration  Ice            29%        4d14      100%        7
 Spellforged Servitor     Conj/Summ      6%         N/A       100%        7
 Borgnjor's Revivificati  Necr           6%         N/A       100%        8
 Discord                  Hex            6%         N/A       100%        8
 Disjunction              Tloc           34%        N/A       100%        8
 Lehudib's Crystal Spear  Conj/Erth      6%         10d3      100%        8
 Maxwell's Capacitive Co  Air            6%         ∞         100%        8
 Necromutation            Tmut/Necr      32%        N/A       100%        8
 Chain Lightning          Conj/Air       6%         3d8       100%        9
 Death's Door             Necr           6%         N/A       100%        9
 Fire Storm               Conj/Fire      6%         8d2       100%        9
 Polar Vortex             Ice            29%        N/A       100%        9
 Shatter                  Erth           6%         3d9*      100%        9


Dungeon Overview and Level Annotations

Branches:
Dungeon (15/15)            Temple (1/1) D:6            Lair (5/5) D:10
 Shoals (4/4) Lair:2       Spider (4/4) Lair:3        Slime (5/5) Lair:5
    Orc (2/2) D:10            Elf (3/3) Orc:2        Vaults (5/5) D:14
  Crypt (3/3) Vaults:3       Tomb (0/3) Crypt:3      Depths (4/4) D:15
    Zot (5/5) Depths:4     Bailey (visited)           IceCv (visited)
 WizLab (visited)

Altars:
Cheibriados
Dithmenos
Fedhas
Gozag
Hepliaklqana
Kikubaaqudgha
Nemelex Xobeh
Okawaru
Sif Muna
Trog
Uskayaw
Vehumet
Xom
Yredelemnul
Jiyva

Shops:
D:12 (*((?:   Orc:2 ([((   Vaults:2 [[=?*   Vaults:4 :

Portals:
Hell: Depths:1 Depths:2 Depths:3 Depths:4
Abyss: Depths:1 Depths:3 Depths:4
Pandemonium: Depths:2
Ziggurat: Depths:1

Annotations:
D:2 1 runed translucent door, Crazy Yiuf
Lair:4 Zoekh's ghost, journeyman DsCK
Zot:1 Parghit
Zot:5 1 exclusion


Innate Abilities, Weirdness & Mutations

You have a pair of large antennae on your head. (SInv)
You frequently emit foul miasma when damaged in melee.
You are resistant to unholy torment.
When seriously injured, your blood forms very thick armour. (AC +12)
Spells you cast and wands you use may paralyse nearby enemies.
You punish those that try to bend your will. (Will+)
You have sharp toenails.
Your mind is acute. (Int +4, Str/Dex -1)
Your magical capacity is low. (-10% MP)
You are robust. (+10% HP)
You occasionally shout uncontrollably at your foes.
You are weak. (Str -2)


Message History

The reaper hits you with a +2 scythe of freezing!!
* * * LOW HITPOINT WARNING * * *
The reaper freezes you.
* * * LOW HITPOINT WARNING * * *
The smoke demon is engulfed in blazing flames.
Flame seeps out of the smoke demon.
The smoke demon gestures at you. Something smites you!
* * * LOW HITPOINT WARNING * * *
You step out of the flow of time.
You return to the normal time flow.
Your hands revert to their normal proportions.
The +2 pair of gloves of Ellouxaute {Drain +Blink Fly Int+7} unmelds from your body.
You fly up into the air.
The lorocyproca gives a chilling moan.
Pihaupt barks, "Admit defeat, thou tasty refection!"
The smoke demon roars! x2
The reaper misses you.
Unknown command.
Unknown command.
Unknown command.
Unknown command.
Unknown command.
Unknown command.
Unknown command.
Unknown command.
Blink to where?
Press: ? - help, Dir - move target
As you read the scroll of blinking, it crumbles to dust.
Pihaupt hits you!!
* * * LOW HITPOINT WARNING * * *
You feel very mighty all of a sudden. The smoke demon gestures at you.
Something smites you!
* * * LOW HITPOINT WARNING * * *
The reaper barely misses you.
The soul eater hits you but does no damage.
The reaper hits you but does no damage.
Unknown command.
Pihaupt hits you!
You die...

######
##....##
##....3.##
#....23..#
#...3@&..#
#...∩=2..#
#.....2..#
##......##
##....##
######


You could see Pihaupt, a lorocyproca (invisible), 2 reapers, a soul eater and 2
smoke demons.

Vanquished Creatures
  the Royal Jelly (Slime:5)
  2 pandemonium lords (Pan)
  4 dread liches
  Tiamat (Zot:1)
  Mara (Spider:4)
  A juggernaut (Depths:3)
  Vv (Crypt:3)
  Josephina (Depths:4)
  Margery (Vaults:4)
  Saint Roka (Depths:4)
  Frederick (Vaults:3)
  Xtahua (Crypt:3)
  18 golden dragons
  2 electric golems
  A bone dragon (Crypt:3)
  2 Brimstone Fiends (Pan)
  A spectral shard shrike (Crypt:2)
  An Orb Guardian (Zot:5)
  11 tentacled monstrosities
  5 liches
  4 titans
  7 quicksilver dragons
  4 deep elf blademasters (Elf:3)
  14 acid blobs
  2 Executioners (Pan)
  Frances (D:12)
  8 sphinxes
  4 deep elf master archers (Elf:3)
  5 death cobs
  An ancient champion (Crypt:2)
  12 storm dragons
  Kirke (Lair:3)
  15 shadow dragons
  8 tengu reavers
  13 azure jellies
  3 fire giants
  6 draconian monks
  11 rockslimes
  A demonspawn warmonger (Pan)
  5 revenants (Crypt:1)
  20 vault wardens
  2 spectral caustic shrikes (Depths:1)
  3 iron dragons
  3 balrugs (Pan)
  Aizul (Shoals:1)
  7 frost giants
  7 emperor scorpions
  A draconian knight (WizLab)
  5 ghost moths
  6 curse skulls
  12 ghouls
  Louise (Shoals:2)
  8 deep elf sorcerers
  A draconian shifter (Zot:4)
  The ghost of Tollund the Geomancer, a journeyman GrEE of Vehumet (Orc:1)
  A caustic shrike zombie (Crypt:3)
  5 deep elf elementalists (Elf:3)
  5 draconian stormcallers
  11 draconian scorchers
  2 draconian annihilators
  A demonspawn corrupter (Pan)
  3 orc warlords
  7 war gargoyles
  5 cacodemons
  3 demonspawn blood saints (Pan)
  8 quicksilver oozes (Slime:5)
  11 very ugly things
  15 ironbound preservers
  2 reapers
  A juggernaut skeleton (Crypt:2)
  A broodmother (Spider:4)
  11 stone giants
  4 formless jellyfish
  A caustic shrike skeleton (Depths:1)
  7 ironbound thunderhulks
  A formless jellyfish (shapeshifter) (Vaults:5)
  6 green draconians
  7 black draconians
  2 demonspawn black suns (Pan)
  3 lorocyprocas (Pan)
  12 white draconians
  8 vampire knights
  21 purple draconians
  7 deep elf annihilators
  3 deep elf demonologists (Elf:3)
  The ghost of benadryl the Grappler, a journeyman TrFi of Wu Jian (Lair:2)
  15 spark wasps
  5 dire elephants
  17 yellow draconians
  16 red draconians
  13 eidola
  11 deep elf death magi
  The ghost of Lioraxon the Black Belt, a journeyman OpWn of Gozag (Lair:3)
  2 blizzard demons
  9 merfolk impalers
  3 crystal guardians (Crypt:3)
  3 green deaths (Pan)
  4 merfolk javelineers
  9 statues (WizLab)
  3 entropy weavers
  19 ettins
  2 fire dragons
  13 great orbs of eyes
  21 yaktaur captains
  A spectral iron giant (Crypt:2)
  4 deep elf high priests
  8 jiangshi
  A quicksilver dragon skeleton (Crypt:1)
  2 rakshasas
  25 vault guards (Vaults:5)
  5 hydras
  A juggernaut simulacrum (Depths:1)
  2 spriggan air magi
  9 ironbound frosthearts
  3 peacekeepers
  13 ice dragons
  4 catoblepae
  2 caustic shrike simulacra (Depths:4)
  A fenstrider witch zombie (Crypt:3)
  2 spriggan skeletons
  4 hell beasts (Crypt:2)
  A fenstrider witch skeleton (Crypt:1)
  An ogre mage (D:15)
  3 jorogumos
  8 two-headed ogres
  6 deep troll shamans
  Erica (D:10)
  5 radroaches
  A satyr (Shoals:3)
  4 merfolk avatars
  11 boulder beetles
  6 demonic crawlers
  8 death yaks (Lair:5)
  An alligator snapping turtle (Shoals:4)
  2 death knights (Crypt:1)
  4 merfolk aquamancers
  5 deep troll earth magi
  5 centaur warriors
  31 dancing weapons
  2 tengu warriors
  A spriggan berserker (Depths:4)
  11 vampire magi
  An orc high priest (Orc:2)
  Urug (Lair:5)
  7 sun demons (Pan)
  10 hell knights
  12 soul eaters
  26 deep elf knights
  A spectral dire elephant (Crypt:2)
  Sonja (Lair:5)
  6 shadow wraiths
  28 skeletal warriors
  6 sixfirhies (Pan)
  3 sun moths
  14 sea snakes
  6 skysharks
  A titan skeleton (Crypt:3)
  A large abomination (Pan)
  Nergalle (D:10)
  Amaemon (Lair:2)
  Lodul (D:14)
  An anaconda zombie (Crypt:3)
  5 pharaoh ants
  5 iron trolls
  7 flayed ghosts
  2 glowing orange brains
  12 ironbound convokers
  A deep troll (shapeshifter) (D:15)
  12 orb spiders
  34 deep trolls
  A spriggan simulacrum (Crypt:2)
  A tengu zombie (Vaults:4)
  A shadow demon (Pan)
  6 wizards
  2 lindwurms (shapeshifter)
  9 steelbarb worms
  7 phantasmal warriors
  7 bog bodies (Crypt:1)
  A shadow dragon zombie (Crypt:3)
  3 golden dragon zombies
  An iron giant skeleton (Crypt:3)
  A spectral hydra (Lair:3)
  12 deep elf archers
  A fenstrider witch simulacrum (Crypt:2)
  34 deep elf pyromancers
  2 orange crystal statues
  26 harpies
  A stone giant zombie (Vaults:4)
  A tengu skeleton (Depths:1)
  16 necromancers
  9 orc knights
  30 deep elf zephyrmancers
  A shadow dragon skeleton (Crypt:3)
  3 lindwurms
  21 wolf spiders
  7 cyclopes
  16 manticores
  25 ugly things
  5 orc sorcerers
  A fire giant zombie (Crypt:2)
  A jorogumo skeleton (Crypt:1)
  2 shining eyes
  22 moths of wrath
  17 fauns
  A dire elephant zombie (Crypt:2)
  13 merfolk sirens
  12 vault sentinels
  5 water nymphs
  7 elephants
  An eye of devastation (Slime:5)
  Maurice (D:11)
  A naga mage (D:15)
  A water nymph (shapeshifter) (Depths:1)
  A black mamba (shapeshifter) (D:14)
  23 cane toads
  A stone giant skeleton (Vaults:3)
  3 black mambas
  A cane toad (shapeshifter) (Elf:1)
  5 torpor snails
  2 naga skeletons
  2 gargoyles
  3 smoke demons (Pan)
  4 storm dragon simulacra (IceCv)
  2 orange demons
  4 rime drakes
  2 minotaur zombies
  2 yaktaurs (shapeshifter)
  4 unseen horrors (D:15)
  An emperor scorpion simulacrum (Crypt:2)
  48 yaktaurs
  An ice devil (Pan)
  A hellion (Pan)
  An efreet (D:13)
  A kobold demonologist (D:12)
  13 freezing wraiths
  7 komodo dragons
  A human zombie (Vaults:4)
  2 spectral harpies (Crypt:2)
  A spectral naga (Crypt:2)
  8 trolls
  6 golden dragon simulacra
  19 tengu conjurers
  12 wind drakes
  A harpy zombie (Crypt:2)
  7 meliai
  A polar bear (D:14)
  21 tarantellas
  23 merfolk
  4 hornets
  2 tengu simulacra (Depths:4)
  A hornet (shapeshifter) (Vaults:2)
  12 blink frogs
  11 snapping turtles
  7 dream sheep
  An ettin zombie (Crypt:2)
  33 jumping spiders
  40 flying skulls
  A spectral black mamba (Crypt:2)
  An ice dragon zombie (Crypt:2)
  3 air elementals
  Sigmund (D:3)
  A guardian serpent skeleton (Crypt:1)
  87 slime creatures
  A culicivora (shapeshifter) (Elf:3)
  An ettin skeleton (Crypt:1)
  4 wyverns
  An alligator skeleton (Crypt:1)
  2 ynoxinuls (Pan)
  2 shadows
  23 culicivoras
  A spectral fire crab (Lair:3)
  9 wraiths
  2 centaur simulacra
  68 yaks
  4 basilisks
  3 fire bats (Lair:2)
  A fire elemental (Lair:2)
  3 golden eyes (Slime:3)
  A neqoxec (Pan)
  2 wind drake skeletons (Crypt:2)
  67 redbacks
  11 water elementals
  A catoblepas simulacrum (Lair:4)
  4 hogs (Lair:3)
  A spectral komodo dragon (Lair:3)
  A steam dragon (D:8)
  8 vampire mosquitoes
  Edmund (D:5)
  9 wargs
  A spectral cane toad (Lair:3)
  2 hydra simulacra (Lair:3)
  3 acid dragons
  14 water moccasins
  A water nymph zombie (Crypt:2)
  3 hell hounds (Lair:2)
  5 ice beasts
  42 orc warriors
  5 ice dragon simulacra (IceCv)
  A sky beast (D:7)
  A boulder beetle simulacrum (Lair:4)
  An ettin simulacrum (Crypt:2)
  16 ogres
  A tengu (shapeshifter) (Elf:2)
  33 wolves
  7 centaurs
  A hog zombie (Crypt:2)
  4 phantoms
  A vine stalker zombie (Crypt:2)
  2 kobold brigands
  4 earth elementals
  3 scorpions
  3 glowing shapeshifter simulacra
  13 bullfrogs
  6 necrophages
  A human skeleton (Vaults:3)
  A demonspawn simulacrum (Crypt:2)
  A warg zombie (Crypt:2)
  9 killer bees
  A troll zombie (Crypt:1)
  2 elephant simulacra (Lair:4)
  8 lindwurm simulacra
  A rime drake simulacrum (Lair:4)
  4 howler monkeys
  15 electric eels
  A yak skeleton (Crypt:1)
  A komodo dragon simulacrum (Lair:4)
  5 hounds
  2 jellies (D:4)
  28 orc priests
  A gnoll bouda (Orc:1)
  6 iguanas
  27 orc wizards
  Ijyb (D:5)
  A hound skeleton (Crypt:1)
  11 gnolls
  6 adders
  2 white imps
  3 ufetubi (D:14)
  An iguana zombie (Crypt:1)
  A worm (D:2)
  A dart slug (D:4)
  112 orcs
  6 endoplasms
  A giant cockroach (shapeshifter) (Vaults:5)
  8 giant cockroaches
  13 goblins
  9 hobgoblins
  6 jackals
  3 quokkas
  6 ball pythons
  5 bats
  8 frilled lizards
  A goblin skeleton (Crypt:2)
  11 kobolds
  A quokka skeleton (Crypt:1)
  7 rats
2527 creatures vanquished.

Vanquished Creatures (others)
  Nikola (Depths:1)
  A draconian knight (Zot:4)
  A demonspawn blood saint (Pan)
  A deep elf death mage (Crypt:1)
  A vampire mage (Crypt:2)
  A deep elf knight (Elf:3)
  A flayed ghost (Crypt:2)
  A steelbarb worm (Spider:4)
  A deep elf zephyrmancer (Elf:2)
  A tengu conjurer (WizLab)
  A yaktaur (Vaults:3)
  A jumping spider (Spider:4)
  An orc warrior (Depths:4)
  An ogre (Depths:4)
  An orc wizard (D:14)
  An orc (Depths:4)
16 creatures vanquished.

Grand Total: 2543 creatures vanquished

Notes
Turn   | Place    | Note
-------+----------+-------------------------------------------
     0 | D:1      | TittyCrusher the Demonspawn Transmuter began the quest for
                  | the Orb.
     0 | D:1      | Reached XP level 1. HP: 15/15 MP: 3/3
   141 | D:1      | Gained mutation: You may rarely emit foul miasma when
                  | damaged in melee. [demonic ancestry]
   141 | D:1      | Reached XP level 2. HP: 21/21 MP: 3/5
   457 | D:1      | Learned a level 2 spell: Wereblood
   501 | D:1      | Reached XP level 3. HP: 26/26 MP: 6/6
   505 | D:1      | Learned a level 3 spell: Spider Form
   658 | D:2      | Reached skill level 1 in Poison Magic
   735 | D:2      | Found a faded altar of an unknown god.
   896 | D:2      | Gained mutation: When seriously injured, your blood forms
                  | armour. (AC +12) [demonic ancestry]
   896 | D:2      | Reached XP level 4. HP: 32/32 MP: 7/7
   903 | D:2      | Identified a scroll of acquirement
   904 | D:2      | Acquired the +1 buckler of the Eight Scars {rC++}
  1292 | D:2      | Found a runed translucent door.
  1294 | D:2      | Noticed Crazy Yiuf
  1424 | D:3      | Found a sparkling altar of Nemelex Xobeh.
  1478 | D:3      | Identified the +0 ring mail "Huippy" {Regen+ rCorr Str+5
                  | Dex-2}
  1566 | D:3      | Identified the +3 leather armour of Dishonesty {rPois SInv}
  1623 | D:3      | Noticed Sigmund
  1919 | D:4      | Noticed an ogre
  1936 | D:4      | Killed an ogre
  1937 | D:4      | Gained mutation: Spells you cast may paralyse adjacent
                  | enemies. [demonic ancestry]
  1937 | D:4      | Reached XP level 5. HP: 19/37 MP: 8/8
  2074 | D:4      | Noticed a phantom
  2119 | D:4      | Killed a phantom
  2120 | D:4      | Reached XP level 6. HP: 43/43 MP: 9/9
  2647 | D:4      | Found a hide-covered altar of Uskayaw.
  3194 | D:5      | Entered Level 5 of the Dungeon
  3239 | D:5      | Reached skill level 5 in Poison Magic
  3286 | D:5      | Noticed Edmund
  3334 | D:5      | Reached skill level 5 in Transmutations
  3334 | D:5      | Reached XP level 7. HP: 46/48 MP: 8/10
  3541 | D:5      | Reached skill level 3 in Unarmed Combat
  3669 | D:3      | Killed Sigmund
  3670 | D:3      | Reached skill level 4 in Unarmed Combat
  4515 | D:5      | Noticed Ijyb
  4526 | D:5      | Killed Ijyb
  4528 | D:5      | Reached skill level 5 in Unarmed Combat
  4598 | D:5      | Reached XP level 8. HP: 54/54 MP: 5/11
  4977 | D:5      | Killed Edmund
  4978 | D:5      | Reached skill level 6 in Unarmed Combat
  5017 | D:6      | Learned a level 4 spell: Ice Form
  5276 | D:5      | Reached skill level 7 in Unarmed Combat
  5825 | D:6      | Got Lidomef's Compilation of Gloom and Displacement
  5877 | D:6      | Reached skill level 8 in Unarmed Combat
  5926 | D:6      | Found a staircase to the Ecumenical Temple.
  5935 | Temple   | Entered the Ecumenical Temple
  5941 | Temple   | Became a worshipper of Cheibriados the Contemplative
  6489 | D:7      | Gained mutation: You sometimes emit foul miasma when
                  | damaged in melee. [demonic ancestry]
  6489 | D:7      | Reached XP level 9. HP: 59/59 MP: 8/12
  6582 | D:7      | Reached skill level 9 in Unarmed Combat
  7770 | D:8      | Reached * piety under Cheibriados
  7778 | D:8      | Reached skill level 10 in Unarmed Combat
  7843 | D:8      | Learned a level 2 spell: Blink
  8039 | D:8      | Reached skill level 1 in Translocations
  8123 | D:8      | Found a shimmering blue altar of Sif Muna.
  8414 | D:9      | Gained mutation: You are frail. (-10% HP) [potion of
                  | mutation]
  8414 | D:9      | Gained mutation: You occasionally shout uncontrollably at
                  | your foes. [potion of mutation]
  8414 | D:9      | Gained mutation: Your mind is acute. (Int +4, Str/Dex -1)
                  | [potion of mutation]
  8414 | D:9      | Gained mutation: You have a pair of small antennae on your
                  | head. [potion of mutation]
  8415 | D:9      | Lost mutation: You are frail. (-10% HP) [potion of
                  | mutation]
  8415 | D:9      | Lost mutation: Your mind is acute. (Int +4, Str/Dex -1)
                  | [potion of mutation]
  8415 | D:9      | Gained mutation: You have hidden genetic potential. [potion
                  | of mutation]
  8415 | D:9      | Gained mutation: Your mind is acute. (Int +4, Str/Dex -1)
                  | [potion of mutation]
  8562 | D:9      | Reached ** piety under Cheibriados
  8573 | D:9      | Reached skill level 11 in Unarmed Combat
  8578 | D:9      | Gained mutation: Spells you cast may paralyse nearby
                  | enemies. [demonic ancestry]
  8578 | D:9      | Reached XP level 10. HP: 41/65 MP: 8/13
  9215 | D:10     | Entered Level 10 of the Dungeon
  9257 | D:10     | Reached skill level 1 in Ice Magic
  9299 | D:10     | Found a flagged portal.
  9365 | Bailey   | Entered a bailey
  9429 | Bailey   | Gained mutation: You have sharp toenails. [hidden
                  | potential]
  9436 | Bailey   | Noticed an orc knight
  9442 | Bailey   | Found a large runed translucent door.
  9442 | Bailey   | Found a large runed translucent door.
  9442 | Bailey   | Noticed a deep elf zephyrmancer
  9538 | D:10     | Noticed Erica
  9552 | D:10     | Killed Erica
  9553 | D:10     | Reached skill level 5 in Ice Magic
  9664 | D:10     | Reached skill level 12 in Unarmed Combat
  9667 | D:10     | Reached *** piety under Cheibriados
  9683 | D:10     | Reached XP level 11. HP: 70/70 MP: 12/14
  9699 | D:10     | Found a staircase to the Lair.
  9718 | D:10     | Noticed a two-headed ogre
  9729 | D:10     | Killed a two-headed ogre
  9771 | D:10     | Noticed a two-headed ogre
  9772 | D:10     | Noticed Nergalle
  9780 | D:10     | Killed a two-headed ogre
  9781 | D:10     | Reached skill level 13 in Unarmed Combat
  9794 | D:10     | Gained mutation: You are robust. (+10% HP) [hidden
                  | potential]
  9794 | D:10     | Lost mutation: You have hidden genetic potential. [hidden
                  | potential expressed]
  9820 | D:10     | Killed Nergalle
  9827 | D:10     | Found a staircase to the Orcish Mines.
 10625 | Lair:1   | Entered Level 1 of the Lair of Beasts
 10682 | Lair:1   | Reached **** piety under Cheibriados
 10931 | Lair:1   | Reached ***** piety under Cheibriados
 11073 | Lair:1   | Noticed a dire elephant
 11109 | Lair:1   | Reached skill level 5 in Fighting
 11259 | Lair:2   | Gained mutation: When seriously injured, your blood forms
                  | thick armour. (AC +12) [demonic ancestry]
 11259 | Lair:2   | Reached XP level 12. HP: 96/96 MP: 9/15
 11318 | Lair:2   | Found a transporter.
 11323 | Lair:2   | Found a runed translucent door.
 11326 | Lair:2   | Noticed benadryl's ghost (journeyman TrFi)
 11529 | Lair:2   | Reached skill level 5 in Dodging
 11696 | Lair:2   | Noticed a five-headed hydra
 11706 | Lair:2   | Killed a five-headed hydra
 11764 | Lair:2   | Found a staircase to the Shoals.
 12076 | Lair:2   | Found a transporter.
 12282 | Lair:3   | Noticed Kirke
 12442 | Lair:3   | Noticed a sphinx
 12443 | Lair:3   | Noticed a sphinx
 12447 | Lair:3   | Reached skill level 5 in Invocations
 12614 | Lair:3   | Noticed a boulder beetle
 12620 | Lair:3   | Killed a boulder beetle
 12931 | Lair:3   | Found a runed translucent gate.
 12931 | Lair:3   | Found a runed translucent gate.
 12931 | Lair:3   | Found a runed translucent gate.
 12933 | Lair:3   | Noticed Lioraxon's ghost (journeyman OpWn)
 12996 | Lair:3   | Identified the +3 rapier "Udimp" {antimagic, *Noise rPois
                  | Str+4 SInv}
 13051 | Lair:3   | Reached skill level 14 in Unarmed Combat
 13057 | Lair:3   | Found a hole to the Spider Nest.
 13209 | Lair:4   | Found a runed translucent gate.
 13209 | Lair:4   | Found a runed translucent gate.
 13209 | Lair:4   | Found a runed translucent gate.
 13474 | Lair:4   | Reached XP level 13. HP: 102/102 MP: 15/20
 13545 | Lair:4   | Reached skill level 10 in Invocations
 14049 | Lair:4   | Noticed Zoekh's ghost (journeyman DsCK)
 14218 | Lair:5   | Entered Level 5 of the Lair of Beasts
 14221 | Lair:5   | Noticed Urug
 14469 | Lair:5   | Noticed Sonja
 14475 | Lair:5   | Killed Sonja
 14854 | Lair:5   | Killed Urug
 15023 | Lair:5   | Identified the +1 whip "Leviticus" {spect, Drain rCorr MP+9
                  | Dex+5}
 15095 | Lair:5   | Found a viscous altar of Jiyva.
 15096 | Lair:5   | Found a staircase to the Slime Pits.
 15536 | Lair:5   | Reached skill level 15 in Unarmed Combat
 15576 | Lair:5   | Mutation became permanent: You have a pair of small
                  | antennae on your head. [demonic ancestry]
 15576 | Lair:5   | Gained mutation: You have a pair of small antennae on your
                  | head. [demonic ancestry]
 15576 | Lair:5   | Reached XP level 14. HP: 82/110 MP: 21/24
 15795 | Lair:5   | Identified the +2 gold dragon scales of Idiacaw {rElec
                  | rPois rF+ rC+ Will+++ Slay-3 Stlth-}
 15943 | Lair:5   | Identified the +8 battleaxe of Iconoclasm {freeze, rF++}
 16181 | Lair:4   | Reached ****** piety under Cheibriados
 16399 | Lair:4   | Got the ring of Okawaru, Crafting {Fire Int+6 Dex+2}
 16482 | Lair:3   | Noticed Amaemon
 16495 | Lair:2   | Killed Amaemon
 16496 | Lair:2   | Reached skill level 16 in Unarmed Combat
 16641 | Lair:3   | Killed Kirke
 17218 | Lair:3   | Acquired the scarf of Hedging {shadows, rElec rPois rC-
                  | SInv Stlth-}
 17234 | Lair:3   | Killed Lioraxon's ghost
 17328 | Lair:2   | Killed benadryl's ghost
 17403 | Lair:2   | Identified the -1 pair of gloves of Siaqorah {rF- Will++
                  | Int+4}
 17937 | Lair:1   | Reached skill level 17 in Unarmed Combat
 18351 | D:11     | Learned a level 2 spell: Lesser Beckoning
 18355 | D:11     | Learned a level 3 spell: Mephitic Cloud
 18576 | D:11     | Noticed Maurice
 18585 | D:11     | Killed Maurice
 18859 | D:11     | Acquired the +2 hat "Xanasa" {rCorr Int+3}
 19855 | D:12     | Found Nallimeup's Antique Weapon Boutique.
 19857 | D:12     | Found Pelleri's Magic Scroll Emporium.
 19861 | D:12     | Found Ruufeowk's Weapon Shop.
 19863 | D:12     | Found Fusodibb's Assorted Antiques.
 19863 | D:12     | Found Buemp's Weapon Boutique.
 19866 | D:12     | Bought a scroll of fog for 68 gold pieces
 19866 | D:12     | Bought a scroll of blinking for 127 gold pieces
 19866 | D:12     | Bought 3 scrolls of teleportation for 153 gold pieces
 19868 | D:12     | Bought a scroll of immolation for 68 gold pieces
 19890 | D:12     | Bought a potion of curing for 87 gold pieces
 19890 | D:12     | Bought a potion of heal wounds for 145 gold pieces
 19890 | D:12     | Bought a smoky red potion for 26 gold pieces
 19890 | D:12     | Bought a sedimented black potion for 26 gold pieces
 19890 | D:12     | Bought a potion of might for 116 gold pieces
 19894 | D:12     | Bought 2 scrolls of identify for 68 gold pieces
 20247 | D:12     | Noticed Frances
 20253 | D:12     | Reached skill level 18 in Unarmed Combat
 20261 | D:12     | Killed Frances
 20507 | D:12     | Found Rehut's Book Shop.
 20514 | D:12     | Bought a book of Iron for 576 gold pieces
 21299 | D:13     | Gained mutation: When seriously injured, your blood forms
                  | very thick armour. (AC +12) [demonic ancestry]
 21299 | D:13     | Reached XP level 15. HP: 115/115 MP: 25/25
 21310 | D:13     | Learned a level 5 spell: Blade Hands
 21828 | D:13     | Identified the +1 ring mail "Egiuci" {*Corrode rPois Dex+5
                  | Stlth-}
 22055 | D:14     | Found a frozen archway.
 22055 | D:14     | Noticed an azure jelly
 22067 | D:14     | Killed an azure jelly
 22119 | IceCv    | Entered an ice cave
 22716 | IceCv    | Noticed a golden dragon
 22722 | IceCv    | Killed a golden dragon
 22932 | IceCv    | Identified the +9 ice dragon scales of the Lost Path {rF-
                  | rC++ MP+9 Str+6}
 22938 | IceCv    | Identified the amulet "Suas Tac" {Spirit Will+ Int+4}
 23295 | D:14     | Reached skill level 19 in Unarmed Combat
 23626 | D:14     | Noticed Lodul
 23629 | D:14     | Killed Lodul
 24152 | D:14     | Found a gate to the Vaults.
 24188 | D:15     | Entered Level 15 of the Dungeon
 25028 | D:15     | Found a blossoming altar of Fedhas.
 25162 | D:15     | Found a staircase to the Depths.
 25603 | Spider:1 | Entered Level 1 of the Spider Nest
 25614 | Spider:1 | Reached skill level 1 in Armour
 25649 | Spider:1 | Noticed an emperor scorpion
 25659 | Spider:1 | Killed an emperor scorpion
 25946 | Spider:1 | Reached skill level 5 in Armour
 25946 | Spider:1 | Reached XP level 16. HP: 122/122 MP: 19/26
 26914 | Spider:2 | Reached skill level 10 in Armour
 28791 | Spider:4 | Entered Level 4 of the Spider Nest
 28979 | Spider:4 | Gained mutation: You have a pair of antennae on your head.
                  | [demonic ancestry]
 28979 | Spider:4 | Reached XP level 17. HP: 128/128 MP: 2/27
 28982 | Spider:4 | Noticed Mara
 29670 | Spider:4 | Noticed TittyCrusher's illusion
 29681 | Spider:4 | Killed Mara
 30321 | Spider:4 | Reached skill level 15 in Armour
 30496 | Spider:4 | Identified the +2 pair of gloves of Ellouxaute {Drain
                  | +Blink Fly Int+7}
 30518 | Spider:4 | Got a gossamer rune of Zot
 31101 | Shoals:1 | Entered Level 1 of the Shoals
 31320 | Orc:1    | Entered Level 1 of the Orcish Mines
 31340 | Orc:1    | Found a runed translucent door.
 31340 | Orc:1    | Noticed Tollund's ghost (journeyman GrEE)
 31377 | Orc:1    | You are sucked into a shaft and drop 1 floor!
 31377 | Orc:2    | Entered Level 2 of the Orcish Mines
 31414 | Orc:2    | Reached skill level 10 in Transmutations
 31624 | Orc:1    | Found a bloodstained altar of Trog.
 32044 | Orc:1    | Killed Tollund's ghost
 32215 | Orc:2    | Found Kaesoag's Antique Weapon Shoppe.
 32418 | Orc:2    | Found Annunid's Weapon Shoppe.
 32566 | Orc:2    | Found a staircase to the Elven Halls.
 33017 | Orc:2    | Found Exeg's Antique Weapon Shoppe.
 33020 | Orc:2    | Found Unyexih's Antique Armour Emporium.
 33032 | Orc:2    | Bought a glowing kite shield for 240 gold pieces
 33098 | Elf:1    | Entered Level 1 of the Elven Halls
 33576 | Elf:1    | Gained mutation: You have a pair of large antennae on your
                  | head. (SInv) [demonic ancestry]
 33576 | Elf:1    | Reached XP level 18. HP: 141/141 MP: 17/28
 34394 | Elf:1    | Paralysed by an air elemental for 1 turns
 34590 | Elf:2    | Reached skill level 1 in Evocations
 35215 | Elf:2    | Paralysed by an air elemental for 1 turns
 35225 | Elf:2    | Reached skill level 5 in Translocations
 35385 | Elf:2    | Found a runed translucent gate.
 35386 | Elf:2    | Found a runed translucent gate.
 35386 | Elf:2    | Found a runed translucent gate.
 36242 | Elf:3    | Entered Level 3 of the Elven Halls
 37660 | Elf:3    | Gained mutation: You punish those that try to bend your
                  | will. (Will+) [demonic ancestry]
 37660 | Elf:3    | Reached XP level 19. HP: 93/149 MP: 9/29
 38060 | Elf:3    | Identified the staff of earth "Ociweygy" {Dex+6}
 38446 | Elf:3    | Identified the staff of air "Demosk" {rElec Str+3}
 38446 | Elf:3    | Identified the ring "Qeghes" {Fire Will- Int+5}
 38475 | Elf:3    | Identified the +7 sling "Wucke" {speed, Fly rElec}
 38481 | Elf:3    | Identified the +0 pair of boots of the Verdant God {rC++
                  | Will+}
 38507 | Elf:3    | Identified the +3 ring mail of Lugonu's Reproof {rF- rC+
                  | rN++ Will+}
 38531 | Elf:3    | Found the +8 demon trident "Rift" {distort, reach+}
 38677 | Elf:3    | Found the +7 captain's cutlass {speed, disarm}
 38720 | Elf:3    | Identified the staff of fire "Inwuhin" {rPois rF+ rC+ rCorr
                  | Str+2}
 38723 | Elf:3    | Identified the ring of Koirymio {rCorr Str+2 Int+3 Stlth-}
 39087 | Shoals:1 | Learned a level 1 spell: Apportation
 39091 | Shoals:1 | Learned a level 3 spell: Vhi's Electric Charge
 39489 | Shoals:1 | Reached skill level 5 in Spellcasting
 39568 | Shoals:1 | Noticed Aizul
 39577 | Shoals:1 | Killed Aizul
 40060 | Shoals:2 | Got Ujawkec's Encyclopedia of the Combined Wind
 40094 | Shoals:2 | Identified the +8 war axe of the Madman {drain, rF+}
 40824 | Shoals:2 | Noticed Louise
 40836 | Shoals:2 | Killed Louise
 40965 | Shoals:2 | Identified the +2 animal skin of Haupnuit {Harm rCorr}
 41166 | Shoals:3 | Reached skill level 20 in Unarmed Combat
 41420 | Shoals:3 | Reached skill level 10 in Dodging
 41751 | Shoals:3 | Identified the +2 chain mail of Faddagud {rF+}
 42410 | Shoals:4 | Entered Level 4 of the Shoals
 42899 | Shoals:4 | Gained mutation: You are resistant to unholy torment.
                  | [demonic ancestry]
 42899 | Shoals:4 | Reached XP level 20. HP: 141/157 MP: 7/30
 42903 | Shoals:4 | Got a barnacled rune of Zot
 43319 | Shoals:4 | Identified the +8 chain mail of Snakes and Ladders {rC++
                  | Int+2 Stlth-}
 43677 | Shoals:4 | Identified the ring "Kohicis" {Drain rF++ rN+ Str+4}
 43782 | Shoals:4 | Got the Discursus on Snow and Battle Magic
 44546 | Vaults:1 | Entered Level 1 of the Vaults
 45053 | Vaults:1 | Reached skill level 21 in Unarmed Combat
 46082 | Vaults:2 | Found Yfygos's Armour Shop.
 46270 | Vaults:2 | Found Namyt Noch's Armour Shoppe.
 46278 | Vaults:2 | Found Lusuimam's Jewellery Shop.
 46334 | Vaults:2 | Acquired a book of the Sky
 46344 | Vaults:2 | Learned a level 7 spell: Storm Form
 46414 | Vaults:2 | Found Goqat's Magic Scroll Shop.
 46422 | Vaults:2 | Bought a scroll of fog for 76 gold pieces
 46422 | Vaults:2 | Bought a scroll of blinking for 142 gold pieces
 46422 | Vaults:2 | Bought a scroll of magic mapping for 142 gold pieces
 46422 | Vaults:2 | Bought a scroll of fog for 76 gold pieces
 46541 | Vaults:2 | Identified the +4 plate armour of the Beginning {+Inv Int+6
                  | Slay+2}
 46766 | Vaults:2 | Found Estru's Assorted Antiques.
 46776 | Vaults:2 | Bought a scroll of fog for 136 gold pieces
 46776 | Vaults:2 | Bought a coral ring for 170 gold pieces
 46779 | Vaults:2 | Bought a potion of attraction for 102 gold pieces
 47301 | Vaults:2 | Identified the +3 chain mail of Vogutzut {Contam Str+3
                  | Slay+3}
 48430 | Vaults:3 | Noticed Frederick
 48435 | Vaults:3 | Killed Frederick
 48914 | Vaults:3 | Reached XP level 21. HP: 162/162 MP: 23/31
 49091 | Vaults:3 | Found a staircase to the Crypt.
 49835 | Vaults:4 | Found Hiwej's Book Shop.
 50149 | Vaults:4 | Noticed Margery
 50158 | Vaults:4 | Killed Margery
 50458 | Vaults:4 | Reached skill level 10 in Fighting
 51388 | Slime:1  | Entered Level 1 of the Pits of Slime
 51626 | Slime:4  | Gained mutation: You are weak. (Str -2) [a shining eye]
 51692 | Slime:5  | Entered Level 5 of the Pits of Slime
 51725 | Slime:5  | Noticed the Royal Jelly
 51949 | Slime:5  | Found a viscous altar of Jiyva.
 51987 | Slime:5  | Killed the Royal Jelly
 52039 | Slime:5  | Reached XP level 22. HP: 156/188 MP: 13/32
 52135 | Slime:5  | Identified the amulet of Ismanoiq {Faith rF+ MP+9 Int-2
                  | Stlth+}
 52159 | Slime:5  | Got a slimy rune of Zot
 52167 | Slime:5  | Identified the +0 robe of Courage {-Cast rC++}
 52217 | Slime:5  | Identified the staff of earth "Xoronk" {rPois SInv}
 52629 | Crypt:1  | Entered Level 1 of the Crypt
 53030 | Crypt:1  | Found a transporter.
 53510 | Crypt:1  | Reached skill level 22 in Unarmed Combat
 53878 | Crypt:1  | Found a transporter.
 54053 | Crypt:1  | Noticed a dread lich
 54103 | Crypt:1  | Killed a dread lich
 54181 | Crypt:1  | Gained mutation: Your magical capacity is low. (-10% MP) [a
                  | cacodemon]
 54654 | Crypt:1  | Identified the amulet of Cugg {Regen+ Int+4}
 54707 | Crypt:1  | Identified the ring of the Traitor {Drain Fly Dex+6 Stlth+}
 54722 | Crypt:1  | Identified the staff of fire "Ygha" {Drain rF+ Dex+4 SInv
                  | Stlth+}
 55027 | Crypt:2  | Reached skill level 23 in Unarmed Combat
 56046 | Crypt:2  | Found an ancient bone altar of Kikubaaqudgha.
 56116 | Crypt:3  | Entered Level 3 of the Crypt
 56184 | Crypt:3  | Reached skill level 24 in Unarmed Combat
 56184 | Crypt:3  | Gained mutation: Spells you cast and wands you use may
                  | paralyse nearby enemies. [demonic ancestry]
 56184 | Crypt:3  | Reached XP level 23. HP: 140/195 MP: 24/30
 56590 | Crypt:3  | Noticed Vv
 56598 | Crypt:3  | Killed Vv
 56760 | Crypt:3  | Noticed Xtahua
 56766 | Crypt:3  | Killed Xtahua
 56965 | Crypt:3  | Found a staircase to the Tomb.
 56983 | Crypt:3  | Noticed a dread lich
 56990 | Crypt:3  | Killed a dread lich
 56996 | Crypt:3  | Found a basalt altar of Yredelemnul.
 57416 | Depths:1 | Entered Level 1 of the Depths
 57423 | Depths:1 | Reached skill level 25 in Unarmed Combat
 57501 | Depths:1 | Found a magical portal.
 57511 | WizLab   | Entered Iskenderun's Mystic Tower
 58347 | WizLab   | Got Iskenderun's Vademecum on the Shot
 58347 | WizLab   | Got Iskenderun's Spellbook of Blasts
 58372 | WizLab   | Learned a level 4 spell: Passage of Golubria
 58542 | Depths:1 | Noticed Nikola
 58549 | Depths:1 | Killed Nikola
 58662 | Depths:1 | Found a gateway to Hell.
 58835 | Depths:1 | Found a one-way gateway to a ziggurat.
 58885 | Depths:1 | Reached skill level 26 in Unarmed Combat
 59051 | Depths:1 | Found a one-way gate to the infinite horrors of the Abyss.
 59518 | Depths:2 | Found a one-way gate leading to the halls of Pandemonium.
 59843 | Depths:2 | Reached XP level 24. HP: 193/205 MP: 30/30
 60994 | Depths:3 | Found a shadowy altar of Dithmenos.
 61093 | Depths:3 | Noticed a juggernaut
 61106 | Depths:3 | Killed a juggernaut
 61273 | Depths:4 | Entered Level 4 of the Depths
 61276 | Depths:4 | Reached skill level 27 in Unarmed Combat
 61484 | Depths:4 | Noticed Saint Roka
 61484 | Depths:4 | Identified the ring of the Scarab {Ice rPois Int+5}
 61484 | Depths:4 | Noticed Josephina
 61485 | Depths:4 | Upgraded the game from 0.31-a0-152-g6aa68a64a1 to
                  | 0.31-a0-167-g1c394c0614
 61491 | Depths:4 | Killed Josephina
 61496 | Depths:4 | Killed Saint Roka
 61569 | Depths:4 | Found a flickering gateway to a bazaar.
 61593 | Bazaar   | Entered a bazaar
 61614 | Bazaar   | Found Niagyiggaog's Antique Weapon Shoppe.
 61630 | Bazaar   | Found Onoilaz's Magic Scroll Emporium.
 61630 | Bazaar   | Found Meniciy's Antique Armour Shoppe.
 61658 | Bazaar   | Found Hoggax's Book Emporium.
 61674 | Bazaar   | Found Xagaep's Antique Weapon Shoppe.
 61741 | Bazaar   | Bought a scroll of blinking for 60 gold pieces
 61741 | Bazaar   | Bought a scroll of poison for 32 gold pieces
 61741 | Bazaar   | Bought a scroll of poison for 32 gold pieces
 61998 | Depths:4 | Found a gate to the Realm of Zot.
 62580 | Vaults:2 | Bought the ring "Etic" {rN+ Str+6} for 514 gold pieces
 62589 | Vaults:2 | Acquired a book of Transfigurations
 62717 | Vaults:5 | Entered Level 5 of the Vaults
 62795 | Vaults:5 | Reached skill level 15 in Dodging
 62885 | Vaults:5 | Got Duanenuh's Cyclopedia of the Winter
 62902 | Vaults:5 | Identified the +8 orcbow of Urgency {flame, Will++ Dex+4}
 62951 | Vaults:5 | Identified the staff of air "Dovvuken" {rElec Str+4}
 63042 | Vaults:5 | Reached XP level 25. HP: 201/212 MP: 30/30
 63145 | Vaults:5 | Identified the +7 quarterstaff of the Rescuing Ancients
                  | {heavy, Drain rC++ Int+4 Dex+3}
 63173 | Vaults:5 | Identified the +0 rapier of Ethereal Valour {chaos, Int+2}
 63187 | Vaults:5 | Noticed a dread lich
 63195 | Vaults:5 | Killed a dread lich
 63334 | Vaults:5 | Identified the +10 dagger of Peril {spect, rF+}
 63334 | Vaults:5 | Identified the +4 sling of Fimbulwinter {elec, Int+6}
 63375 | Vaults:5 | Reached skill level 15 in Fighting
 63493 | Vaults:5 | Noticed a dread lich
 63501 | Vaults:5 | Killed a dread lich
 63518 | Vaults:5 | Got a silver rune of Zot
 63554 | Vaults:5 | Identified the amulet "Qinaghis" {RegenMP rElec rF- Will+
                  | Dex+4}
 64493 | Zot:1    | Entered Level 1 of the Realm of Zot
 64765 | Zot:1    | Found the +4 dragonskin cloak
 64765 | Zot:1    | Noticed Tiamat
 64782 | Zot:1    | Upgraded the game from 0.31-a0-167-g1c394c0614 to
                  | 0.31-a0-174-g85c54bcb58
 64830 | Zot:1    | Identified the -2 pair of gloves of Worirhum {Fly Str+3}
 64978 | Zot:1    | Killed Tiamat
 65087 | Zot:1    | Identified the +4 halberd of the Ageing Genius {heavy, rF+
                  | rN+ Dex+2}
 65789 | Zot:2    | Noticed Parghit
 66174 | Zot:2    | Found a transporter.
 66338 | Zot:2    | Found a transporter.
 66537 | Zot:3    | Gained mutation: You frequently emit foul miasma when
                  | damaged in melee. [demonic ancestry]
 66537 | Zot:3    | Reached XP level 26. HP: 232/232 MP: 21/30
 66555 | Zot:3    | Identified the +2 scale mail of Classification {-Cast Dex+3
                  | SInv}
 67636 | Zot:4    | Identified the +1 broad axe of Bamekewn {flame, Will+}
 68142 | Zot:4    | Identified the +8 halberd "Doplob" {speed, +Blink rF+ Int+3
                  | Dex-5}
 68668 | Zot:5    | Entered Level 5 of the Realm of Zot
 68998 | Pan      | Entered Pandemonium
 69031 | Pan      | Noticed Qifiehid the pandemonium lord
 69041 | Pan      | Killed Qifiehid the pandemonium lord
 69123 | Pan      | Noticed Cezen the pandemonium lord
 69135 | Pan      | Killed Cezen the pandemonium lord
 69309 | Pan      | Noticed Pothroune the pandemonium lord
 69312 | Pan      | Got a demonic rune of Zot
 69385 | Pan      | Noticed Pihaupt the pandemonium lord
 69394 | Pan      | HP: 3/240 [smoke demon/divine providence (13)]
 69395 | Pan      | Mangled by Pihaupt the pandemonium lord

Illustrated notes

Levels and vault maps discovered:
D:1:      grunt_arrival_lava_bath, layout_rooms
D:2:      minmay_alternating_diamond, layout_rooms,
          hellmonk_ecumenical_altar_defaced_shrine,
          amcnicky_mini_rare_corridor_liquid, uniq_crazy_yiuf_cottage
D:3:      layout_loops_corners, mainiacjoe_overflow_catch_the_wave, uniq_sigmund
D:4:      layout_layer_cave, nicolae_uskayaw_dance_hall, minmay_cupped
D:5:      layout_loops_ring, grunt_decor_fettered, minmay_misc_feat_encased,
          uniq_ijyb, uniq_edmund
D:6:      layout_rooms, lemuel_temple_firewalk_b
D:7:      layout_basic, minmay_door_square
D:8:      layout_rooms, mainiacjoe_overflow_alcove_1
D:9:      layout_basic
D:10:     layout_loops_corners, erik_lair_island, orc_0_dummy, enter_bailey_8,
          minmay_fountain_box, chequers_serial_rivers_micro_a,
          chequers_mini_garden, grunt_ministairs_4, uniq_erica, uniq_nergalle
D:11:     minmay_goldmine, layout_gridville, serial_bayou, serial_bayou_ford_a,
          serial_bayou_crossing, serial_bayou_shore_b, serial_bayou_lake_a,
          uniq_maurice
D:12:     layout_layer_cave, serial_shops, nicolae_stop_n_shop_1, minivault_23,
          nicolae_wooded_promenade, uniq_frances
D:13:     layout_irregular_city, minmay_lizard_king
D:14:     layout_basic, hangedman_vaults_entry_quadrant_bands, serial_ice,
          serial_ice_i, serial_ice_n, serial_ice_b, serial_ice_h,
          portal_ice_cave_entry_frozen_things, nicolae_kite_square_tiling_tiny,
          uniq_lodul
D:15:     hangedman_depths_entry_try_elsewhere_first, layout_small_grid,
          fedhas_altar_1, due_unseen_surprise
Temple:   nicolae_temple_bog_church
Lair:1:   layout_chaotic_city, nicolae_lair_grazing_beasts
          [nicolae_sub_lair_graze_edge, nicolae_sub_lair_graze_edge,
          nicolae_sub_lair_graze_edge, nicolae_sub_lair_graze_edge],
          serial_bayou_shore_b, grunt_megastairs_2, infiniplex_staircase_pool
Lair:2:   gammafunk_cloud_chamber, layout_cave_shapes, shoals_dummy_entry,
          gammafunk_ghost_grave, beast_lair_carwin_5, grunt_megastairs_5
Lair:3:   layout_cave_pods, hellmonk_spider_entry_not_the_bees,
          gammafunk_ghost_necromancy, nzn_sisyphean_effort, uniq_kirke,
          uniq_amaemon
Lair:4:   layout_regular_city, gammafunk_ghost_icy, grunt_megastairs_4
Lair:5:   evilmike_catoblepas_cave, layout_regular_city, slime_entry_1,
          gauntlet_entry_generic, uniq_sonja, uniq_urug
Shoals:1: layout_shoals, uniq_aizul
Shoals:2: argonaut_golden_fleece, layout_shoals, uniq_louise
Shoals:3: layout_shoals
Shoals:4: shoals_end_simple, layout_shoals
Spider:1: layout_spider_delve
Spider:2: layout_spider_delve, drop_trap
Spider:3: layout_spider_delve, nicolae_spider_bug_shape
Spider:4: grunt_spider_rune_circles, guppyfry_hornet_nest, uniq_mara
Slime:1:  layout_caves, cheibrodos_slime_lost_civilization_5
Slime:2:  layout_caves
Slime:3:  layout_caves
Slime:4:  layout_caves
Slime:5
Orc:1:    layout_caves, basic_altar, hellmonk_ghost_happy_afterlife
Orc:2:    grunt_orc_community_town_hall, layout_caves,
          grunt_orc_community_big_house_2, grunt_orc_community_big_house_1,
          grunt_orc_community_house_3, grunt_orc_community_house_2,
          grunt_orc_community_house_2, grunt_orc_community_house_1
Elf:1:    layout_geoelf_grid, serial_sigils, serial_sigils_hangedman_quiver,
          serial_sigils_hangedman_gnaw, serial_sigils_hangedman_gut,
          serial_sigils_hangedman_scar, serial_sigils_hangedman_shear,
          serial_sigils_hangedman_stare, minivault_28, minivault_16
Elf:2:    nicolae_elf_blades_crystal_corner, layout_loops_corners
Elf:3:    minmay_elf_hall, layout_geoelf_castle, kb_rosetta
Vaults:1: nicolae_vaults_trapezoid_lopsided_1, v_alt_pattern_5,
          nicolae_vaults_little_guard_posts, vaults_mumra_hexcomb, v_misc_28,
          v_misc_27, layout_vaults_quadrants
Vaults:2: v_alt_pattern_4, dpeg_vaults_hating_casters, vaults_room_door_hall,
          v_misc_33, grunt_vaults_focal, nicolae_vaults_shelves_hall,
          grunt_vaults_diagonal, v_misc_5, nicolae_vaults_specimen_jars,
          nicolae_vaults_angled_halls, nicolae_vaults_rhombus_5,
          nicolae_vaults_storage_closets_3, nicolae_vaults_door_testing_chamber,
          nicolae_vaults_little_squares_6, nicolae_vaults_house_1,
          layout_vaults_omnibox, serial_shops, shop, nicolae_lakefront_shop,
          shop, shop, nicolae_shop_window_shopping
Vaults:3: nicolae_vaults_weapon_check, nicolae_vaults_offset_grid_hallway_4,
          minmay_crypt_entry_simple_round, nicolae_vaults_shrinking_rooms_1,
          nicolae_vaults_diagonal_hallway_8, nicolae_vaults_more_shelving_1,
          nicolae_vaults_little_squares_3, hangedman_vaults_locks,
          nicolae_vaults_double_plus_1, v_pattern_1,
          nicolae_vaults_closet_pinwheel_5, vaults_dpeg_hooks,
          nicolae_vaults_tetromino_Z_1, layout_vaults_maze_snakey,
          uniq_frederick
Vaults:4: grunt_vaults_funnel, nicolae_vaults_three_branches,
          nicolae_vaults_asterisk, nicolae_vaults_variable_pillar_hall,
          dpeg_vaults_monster_row, nicolae_vaults_octothorpe,
          nicolae_vaults_diamond_2, nicolae_vaults_variable_pillar_hall,
          nicolae_vaults_tetromino_L_1, v_misc_5, layout_vaults_big_room,
          serial_shops, nicolae_book_shop_shelving, uniq_margery
Vaults:5: serial_shops
Crypt:1:  gammafunk_dig_for_victory, layout_misc_corridors, grunt_ministairs_13,
          grunt_crypt_arrival_split
Crypt:2:  lemuel_vampire_tower, layout_misc_corridors
Crypt:3:  cryptofortress_bobbens, uniq_xtahua, uniq_vv
Depths:1: layout_roguey, enter_ziggurat_a, hangedman_abyss_entry_splay,
          pf_hell_entry_tar_river, mu_enter_wizlab_7, minmay_strange_pillars,
          roderic_lattice_a, lightli_corner_chamber, serial_bayou_shore_b,
          serial_bayou_shore_b, uniq_nikola
Depths:2: nooodl_glass_maze, layout_cave_pools, pan_entry,
          hangedman_abyss_or_decor_lesser_grid, hell_entry,
          infiniplex_staircase_zigzag_5, serial_bayou_shore_a
Depths:3: nicolae_cairo_tiling_large, layout_gridville, hell_entry,
          nicolae_dithmenos_through_a_glass_darkly, abyss_entry,
          infiniplex_staircase_pillars_1
Depths:4: grunt_x_marks_the_spot, layout_cave_shapes, hangedman_coc_ice_floe,
          serial_shops, bzr_entry_gold, abyss_entry, dreamdust_wasp_nest,
          uniq_josephina, uniq_saint_roka
Zot:1:    kennysheep_blocky_room, layout_onion, st_small_dragon_hoard_5,
          uniq_tiamat
Zot:2:    layout_misc_corridors, nicolae_diode_stairs, uniq_parghit
Zot:3:    layout_basic
Zot:4:    layout_basic
Zot:5:    layout_gridville
Pan:      grunt_pan_sceptre, layout_irregular_city, uniq_ignacio, rand_demon_1,
          layout_irregular_city, nicolae_pan_mnolegish_5, pan_disco_hall,
          layout_rooms, nicolae_pan_sigil_uleosi, nicolae_pan_gloorx_vloqian_4,
          rand_demon_5, layout_gridlike

Skill      XL: |  1  2  3  4  5  6  7  8  9 10 11 12 13 14 15 16 17 18 19 20 21 22 23 24 25 26 |
---------------+-------------------------------------------------------------------------------+-----
Transmutations | 2 3 4 5 7 8 11 12 | 12.8
Poison Magic   | 2 3 4 5 |  5.2
Unarmed Combat | 5 8 11 12 13 14 15 18 19 20 21 24 26 27 | 27.0
Translocations | 2 7 |  7.0
Ice Magic      | 5 |  5.4
Invocations    | 4 9 14 | 14.1
Fighting       | 6 8 13 14 18 21 | 21.5
Dodging        | 3 7 9 11 13 14 16 18 19 | 19.1
Spellcasting   | 4 5 |  5.3
Armour         | 5 13 15 17 18 20 | 20.0
Evocations     | 1 |  1.8

Action                     |  1- 3 |  4- 6 |  7- 9 | 10-12 | 13-15 | 16-18 | 19-21 | 22-24 | 25-27 || total
---------------------------+-------+-------+-------+-------+-------+-------+-------+-------+-------++-------
  Melee: Unarmed           |    98 |   144 |   311 |   411 |   835 |  1061 |  1374 |  1408 |   761 ||  6403
         Kick              |    18 |    13 |     1 |       |       |       |       |       |       ||    32
         Headbutt          |    10 |    12 |     4 |       |       |       |       |       |       ||    26
         Punch             |     2 |       |     1 |     1 |    31 |   157 |   241 |   301 |   200 ||   934
   Fire: Sling             |    17 |    43 |    14 |       |       |       |       |       |       ||    74
  Throw: Dart              |     1 |     4 |       |       |       |       |       |       |       ||     5
         Stone             |       |       |     3 |     1 |       |       |       |       |       ||     4
   Cast: Beastly Appendage |    16 |    21 |     4 |       |       |       |       |       |       ||    41
         Wereblood         |     1 |     2 |     6 |    14 |    24 |    42 |    62 |    36 |    18 ||   205
         Spider Form       |       |     9 |    37 |     8 |     1 |       |       |       |       ||    55
         Ice Form          |       |       |       |    34 |    59 |       |       |       |       ||    93
         Blade Hands       |       |       |       |       |    26 |   112 |   104 |    89 |    48 ||   379
         Lesser Beckoning  |       |       |       |       |       |    22 |    41 |     9 |     8 ||    80
         Blink             |       |       |       |       |       |       |       |    16 |       ||    16
         Apportation       |       |       |       |       |       |       |       |     1 |     2 ||     3
 Invoke: Step From Time    |       |       |       |     1 |     4 |       |     4 |       |     4 ||    13
         Slouch            |       |       |       |     1 |     2 |    11 |    10 |     5 |     2 ||    31
         Temporal Distorti |       |       |       |       |     4 |     6 |    17 |    10 |     9 ||    46
         Bend Time         |       |       |       |       |     7 |       |       |     1 |     1 ||     9
Ability: End Transformatio |       |     2 |     2 |     1 |     9 |     2 |    12 |     7 |     2 ||    37
         Evoke Blink       |       |       |       |       |       |     3 |       |       |       ||     3
  Evoke: Wand              |       |       |     6 |    10 |     2 |    22 |     7 |    10 |       ||    57
         Tin of tremorston |       |       |       |       |       |     1 |     2 |       |       ||     3
    Use: Scroll            |     1 |     8 |     8 |     6 |    10 |     4 |     8 |     8 |     5 ||    58
         Potion            |     1 |     1 |     3 |     2 |     4 |     5 |     7 |     2 |     6 ||    31
   Stab: Paralysed         |       |     3 |     5 |     8 |    12 |    22 |    35 |    26 |    15 ||   126
         Sleeping          |       |     2 |     1 |     1 |     4 |       |       |       |       ||     8
         Invisible         |       |       |     3 |       |       |     1 |       |       |     2 ||     6
         Distracted        |       |       |       |       |       |     2 |       |       |     1 ||     3
 Armour: Robe              |     7 |     1 |     8 |       |    33 |       |       |       |       ||    49
         Skin              |     6 |     3 |     6 |    38 |    89 |       |       |       |       ||   142
         Ring mail         |       |     7 |       |       |     7 |   114 |    39 |     3 |       ||   170
         Leather armour    |       |     4 |     1 |       |       |       |       |       |       ||     5
         Gold dragon scale |       |       |       |       |       |   128 |   386 |   404 |   306 ||  1224
  Dodge: Dodged            |    59 |    90 |   242 |   304 |   565 |   883 |  1025 |   972 |   743 ||  4883
  Block: Other             |       |       |       |    12 |   108 |   189 |   211 |    25 |       ||   545
         Reflection        |       |       |       |       |     5 |    16 |    31 |       |       ||    52

Table legend: (Time is in decaauts)
 A = Elapsed time spent in this place.
 B = Non-inter-level travel time spent in this place.
 C = Inter-level travel time spent in this place.
 D = Time resting spent in this place.
 E = Time spent auto-exploring this place.
 F = Levels seen in this place.
 G = Mean time per level.
                   A        B        C        D        E       F      G
               +--------+--------+--------+--------+--------+-----+--------+
         Total | 100941 |  90613 |  10328 |   8381 |  57329 |  64 | 1577.2 |
       Dungeon |  24012 |  20863 |   3149 |   1299 |  15393 |  15 | 1600.8 |
        Temple |     14 |      8 |      6 |      0 |      0 |   1 |   14.0 |
          Lair |  12210 |  10299 |   1911 |   1116 |   6026 |   5 | 2442.0 |
        Shoals |   8146 |   7654 |    492 |   1114 |   4690 |   4 | 2036.5 |
   Spider Nest |   7471 |   7090 |    381 |    306 |   5123 |   4 | 1867.8 |
    Slime Pits |   1106 |    989 |    117 |    211 |    173 |   5 |  221.2 |
  Orcish Mines |   2997 |   2781 |    216 |      6 |   2042 |   2 | 1498.5 |
   Elven Halls |   8601 |   7904 |    697 |   1180 |   4258 |   3 | 2867.0 |
        Vaults |  13025 |  11170 |   1855 |    837 |   7533 |   5 | 2605.0 |
         Crypt |   6557 |   6073 |    484 |    773 |   2633 |   3 | 2185.7 |
        Depths |   6470 |   5908 |    562 |      0 |   4508 |   4 | 1617.5 |
           Zot |   7010 |   6557 |    453 |    388 |   4597 |   5 | 1402.0 |
   Pandemonium |    419 |    419 |      0 |    157 |      0 |   4 |  104.8 |
        Bazaar |    370 |    370 |      0 |      0 |    189 |   1 |  370.0 |
        Bailey |    107 |    107 |      0 |     14 |      0 |   1 |  107.0 |
      Ice Cave |   1226 |   1226 |      0 |    618 |    161 |   1 | 1226.0 |
        Wizlab |   1192 |   1192 |      0 |    361 |      0 |   1 | 1192.0 |
               +--------+--------+--------+--------+--------+-----+--------+

Top non-repeatable levels by time:
   Elf:3: 3704 daAuts
 Crypt:1: 3030 daAuts
Vaults:1: 2950 daAuts
Vaults:2: 2811 daAuts
    D:12: 2794 daAuts
  Lair:2: 2732 daAuts
    D:14: 2687 daAuts
  Lair:3: 2656 daAuts
Spider:4: 2629 daAuts
   Elf:2: 2608 daAuts
Vaults:3: 2586 daAuts
  Lair:5: 2564 daAuts
Shoals:4: 2541 daAuts
Vaults:4: 2403 daAuts
    D:10: 2389 daAuts
